 Dungeon Crawl Stone Soup version 0.30-a0-743-gbfdf073431 (webtiles) character file.

Game seed: 17542655228047402858

359 testman the Digger (level 6, -2/32 HPs)
             Began as a Gargoyle Earth Elementalist on Feb 6, 2023.
             Was a Follower of Ashenzari.
             Shot with an arrow by a centaur (6 damage)
             ... on level 4 of the Dungeon.
             The game lasted 00:08:34 (2766 turns).

testman the Digger (Gargoyle Earth Elementalist)    Turns: 2766, Time: 00:08:34

Health: -2/32      AC:  6    Str: 11    XL:     6   Next: 65%
Magic:  3/11       EV: 12    Int: 18    God:    Ashenzari [*.....]
Gold:   181        SH:  0    Dex: 10    Spells: 2/12 levels left

rFire   + . .      SeeInvis .    m - +0 mace "Prescient Water Diviner" {Cun, Evo} (curse)
rCold   + . .      Faith    .    (no shield)
rNeg    + . .      Spirit   .    a - +0 robe of the Astrological God {Bglg, Elem} (curse)
rPois   ∞          Reflect  .    (no helmet)
rElec   +          Harm     .    g - scarf {rC+ rF+}
rCorr   .          Rampage  .    (no gloves)
Will    .....                    (no boots)
Stlth   ++                       (no amulet)
HPRegen 0.25/turn                (no ring)
MPRegen 0.12/turn                (no ring)

@: no status effects
A: sickness immunity, AC +4, negative energy resistance 1, electricity
resistance, torment resistance 1, petrification resistance
a: Renounce Religion, Shatter the Chains


You were on level 4 of the Dungeon.
You worshipped Ashenzari.
Ashenzari was aware of your devotion.
You visited 1 branch of the dungeon, and saw 4 of its levels.

You collected 181 gold pieces.

Inventory:

Hand Weapons
 m - the cursed +0 mace "Prescient Water Diviner" (weapon) {Cun, Evo}
   (You found it on level 2 of the Dungeon)

   It has a curse which improves the following skills: Cunning: Dodging and
   Stealth.
   Evocations: Evocations.
 p - a +0 flail
Missiles
 n - 3 curare-tipped darts
Armour
 a - the cursed +0 robe of the Astrological God (worn) {Bglg, Elem}

   It has a curse which improves the following skills: Beguiling: Conjurations,
   Hexes and Translocations.
   Elements:  Fire Magic, Ice Magic, Air Magic and Earth Magic.
 g - a scarf of resistance (worn)
Wands
 o - a wand of flame (19)
Scrolls
 c - 8 scrolls of identify
 f - a scroll of magic mapping
 i - 2 scrolls of poison
 j - a scroll of silence
 l - 2 scrolls of teleportation
 q - a scroll of enchant armour
Potions
 b - 2 potions of magic
 d - a potion of brilliance
 e - a potion of haste
 h - 5 potions of lignification
 k - 3 potions of berserk rage


   Skills:
 - Level 1.5(2.2) Dodging
 - Level 2.1(2.8) Stealth
 + Level 3.7 Spellcasting
 + Level 3.2(4.0) Conjurations
 + Level 2.1 Transmutations
 + Level 5.6(6.4) Earth Magic


You had 2 spell levels left.
You knew the following spells:

 Your Spells              Type           Power      Damage    Failure   Level
a - Sandblast             Erth           52%        2d12      1%          1
b - Passwall              Tmut/Erth      15%        N/A       3%          2
c - Stone Arrow           Conj/Erth      44%        3d9       5%          3
d - Petrify               Tmut/Erth      18%        N/A       26%         4

Your spell library contained the following spells:

 Spells                   Type           Power      Damage    Failure   Level
 Apportation              Tloc           6%         N/A       14%         1
 Dazzling Flash           Conj/Hex       20%        N/A       19%         3
 Lee's Rapid Deconstruct  Erth           13%        3d9*      30%         5
 Kindle Blastsparks       Fire/Tloc/Air  6%         2d10      41%         3
 Ozocubu's Armour         Ice            3%         N/A       41%         3
 Portal Projectile        Hex/Tloc       6%         N/A       41%         3
 Tukima's Dance           Hex            3%         N/A       41%         3
 Fulminant Prism          Conj/Hex       5%         3d7       54%         4
 Iskenderun's Mystic Bla  Conj/Tloc      10%        2d4       54%         4
 Blade Hands              Tmut           5%         N/A       86%         5
 Alistair's Intoxication  Tmut/Pois      4%         N/A       95%         5
 Agony                    Necr           3%         N/A       99%         5
 Metabolic Englaciation   Hex/Ice        1%         N/A       99%         5
 Silence                  Hex/Air        1%         N/A       99%         5
 Simulacrum               Ice/Necr       1%         N/A       100%        6


Dungeon Overview and Level Annotations

Branches:
Dungeon (4/15)
 Temple: D:4-7

Altars:
Ashenzari
Xom
Zin


Innate Abilities, Weirdness & Mutations

You are immune to sickness and miasma.
Your stone body is resilient. (AC +4)
You are immune to poison.
You resist negative energy. (rN+)
You are resistant to electric shocks. (rElec)
You are resistant to unholy torment.
You are immune to petrification.


Message History

Press: ? - help, Q - select action, (/) - cycle Shift-Dir - straight line, f - you That would be overly suicidal.
Okay, then.
Unknown command.
A centaur comes into view.
The goblin shouts!
Aiming: Sandblast (safe; 1% risk of failure)
Press: ? - help, Q - select action, (/) - cycle Shift-Dir - straight line, f - goblin
Aim: a goblin, wielding a +0 club and wearing a +0 chain mail (83% to hit)
The blast of sand hits the goblin but does no damage.
The centaur shouts!
The centaur wields a +0 shortbow.
The centaur shoots an arrow.
The arrow hits you!
Aiming: Sandblast (safe; 1% risk of failure)
Press: ? - help, Q - select action, (/) - cycle Shift-Dir - straight line, f/p - goblin
Aim: a goblin, wielding a +0 club and wearing a +0 chain mail (83% to hit)
The blast of sand hits the goblin.
You kill the goblin!
The centaur shoots an arrow.
The arrow hits you.
The centaur shoots an arrow.
The arrow barely misses you.
The centaur shoots an arrow.
The arrow hits you!
* * * LOW HITPOINT WARNING * * *
Okay, then.
Okay, then.
Casting: Sandblast (safe; 1% risk of failure)
Confirm with . or Enter, or press ? or * to list all spells.
Aiming: Stone Arrow (dangerous; 5% risk of failure)
Press: ? - help, Shift-Dir - straight line, f - centaur
Aim: a centaur, wielding a +0 shortbow (83% to hit)
The stone arrow hits the centaur!
The centaur is heavily wounded.
The centaur shoots an arrow.
The arrow hits you.
* * * LOW HITPOINT WARNING * * *
Casting: Stone Arrow (dangerous; 5% risk of failure)
Confirm with . or Enter, or press ? or * to list all spells.
Aiming: Stone Arrow (dangerous; 5% risk of failure)
Press: ? - help, Shift-Dir - straight line, f/p - centaur
Aim: a centaur, wielding a +0 shortbow (heavily wounded, 83% to hit)
The stone arrow misses the centaur.
The centaur shoots an arrow.
The arrow closely misses you.
The centaur shoots an arrow.
The arrow hits you.
You die...

######### # #........
#####........#########
.....................###
#####.#######.# .....
#......##.####.#.#.
######............#
######...#.#... ######
#.@.)..... ......
#..)#.#.#.. ######
....#.. ... ....#...#.
.# ###.c.#.... ..
#.....# #. .. ..##... ..
. ### ... ..


You could see a centaur.

Vanquished Creatures
  Grinder (D:3)
  A jelly (D:4)
  Jessica (D:2)
  4 adders
  A worm (D:2)
  A dart slug (D:3)
  6 orcs (D:4)
  2 endoplasms
  12 giant cockroaches
  8 goblins
  5 hobgoblins
  4 jackals (D:3)
  5 quokkas
  4 ball pythons
  3 bats
  3 frilled lizards
  7 kobolds
  6 rats
74 creatures vanquished.

Vanquished Creatures (others)
  A plant (D:1)
1 creature vanquished.

Grand Total: 75 creatures vanquished

Notes
Turn   | Place    | Note
-------+----------+-------------------------------------------
     0 | D:1      | testman the Gargoyle Earth Elementalist began the quest for
                  | the Orb.
     0 | D:1      | Reached XP level 1. HP: 10/10 MP: 3/3
   102 | D:1      | Reached skill level 1 in Transmutations
   247 | D:1      | Reached XP level 2. HP: 15/15 MP: 3/5
   250 | D:1      | Learned a level 2 spell: Passwall
   566 | D:1      | Reached skill level 4 in Earth Magic
   930 | D:2      | Noticed Jessica
   934 | D:2      | Killed Jessica
   935 | D:2      | Reached skill level 1 in Conjurations
   935 | D:2      | Reached XP level 3. HP: 19/19 MP: 4/6
   939 | D:2      | Learned a level 3 spell: Stone Arrow
  1074 | D:2      | Found a faded altar of an unknown god.
  1081 | D:2      | Prayed at the altar of an unknown god.
  1081 | D:2      | Became a worshipper of Ashenzari the Shackled
  1129 | D:2      | Reached XP level 4. HP: 24/24 MP: 5/8
  1982 | D:3      | Noticed Grinder
  1987 | D:3      | Paralysed by Grinder for 2 turns
  1993 | D:3      | Killed Grinder
  1994 | D:3      | Reached skill level 5 in Earth Magic
  1994 | D:3      | Reached XP level 5. HP: 11/28 MP: 0/10
  1994 | D:3      | Reached XP level 6. HP: 13/32 MP: 0/11
  1999 | D:3      | Learned a level 4 spell: Petrify
  2245 | D:3      | Found a glowing silver altar of Zin.
  2306 | D:3      | Reached * piety under Ashenzari
  2358 | D:3      | Found a shimmering altar of Xom.
  2766 | D:4      | Shot with an arrow by a centaur

Illustrated notes

Levels and vault maps discovered:
D:1:      lemuel_arrival_river_bridge, layout_rooms, serial_forest,
          infiniplex_forest_end_2, infiniplex_forest_straight_4,
          infiniplex_forest_clump_tiny, infiniplex_forest_lined_room_,
          infiniplex_forest_clump_medium, infiniplex_forest_join,
          infiniplex_forest_lined_corner, infiniplex_forest_end_double,
          infiniplex_forest_diagonal
D:2:      minmay_roachtagon, layout_loops_ring, ebering_ecumenical_altar_hall,
          hex_tiny, uniq_jessica
D:3:      layout_basic, lemuel_crystal_altar, mainiacjoe_overflow_24_doors,
          uniq_grinder
D:4:      layout_rooms, nicolae_gozag_cash_rules_everything_around_me,
          nicolae_qazlal_scattered_showers, minmay_temple_entry_sparse_star

Skill      XL: |  1  2  3  4 |
---------------+-------------+-----
Transmutations | 1 2 |  2.1
Earth Magic    | 4 5 |  5.6
Conjurations   | 1 3 |  3.2
Spellcasting   | 3 |  3.7
Dodging        | |  1.5
Stealth        | |  2.1

Action                     |  1- 3 |  4- 6 || total
---------------------------+-------+-------++-------
  Melee: Dagger            |    26 |       ||    26
         Mace              |       |    26 ||    26
   Cast: Sandblast         |    32 |    71 ||   103
         Stone Arrow       |       |     2 ||     2
 Invoke: Curse Item        |     1 |     1 ||     2
   Stab: Sleeping          |     1 |       ||     1
 Armour: Robe              |    19 |    27 ||    46
  Dodge: Dodged            |    17 |    27 ||    44

Table legend: (Time is in decaauts)
 A = Elapsed time spent in this place.
 B = Non-inter-level travel time spent in this place.
 C = Inter-level travel time spent in this place.
 D = Time resting spent in this place.
 E = Time spent auto-exploring this place.
 F = Levels seen in this place.
 G = Mean time per level.
                   A        B        C        D        E       F      G
               +--------+--------+--------+--------+--------+-----+--------+
         Total |   2829 |   2733 |     96 |     59 |   2230 |   4 |  707.2 |
       Dungeon |   2829 |   2733 |     96 |     59 |   2230 |   4 |  707.2 |
               +--------+--------+--------+--------+--------+-----+--------+

Top non-repeatable levels by time:
     D:1: 945 daAuts
     D:2: 908 daAuts
     D:3: 771 daAuts
     D:4: 203 daAuts
